 Dungeon Crawl Stone Soup version 0.27-a0-1273-gec92ba881d (webtiles) character file.

Game seed: 16851376120509198258

147 mordus the Poker (level 5, -5/47 HPs)
             Began as a Draconian Monk on June 11, 2021.
             Killed from afar by an orc wizard (11 damage)
             ... with a puff of flame
             ... on level 3 of the Dungeon.
             The game lasted 00:02:27 (2661 turns).

mordus the Poker (Draconian Monk)                   Turns: 2661, Time: 00:02:28

Health: -5/47      AC:  5    Str: 15    XL:     5   Next: 8%
Magic:  5/5        EV: 12    Int: 10    God:
Gold:   147        SH:  0    Dex: 13    Spells: 4/4 levels left

rFire    . . .     SeeInvis .   a - +0 spear
rCold    . . .     Faith    .   (no shield)
rNeg     . . .     Spirit   .   (armour unavailable)
rPois    .         Reflect  .   (helmet restricted)
rElec    .         Harm     .   (no cloak)
rCorr    .         Rampage  .   (no gloves)
Will     .....                  (no boots)
Stlth    ++........             (no amulet)
HPRegen  0.15/turn              (no ring)
MPRegen  0.09/turn              (no ring)

@: no status effects
A: AC +5, unfitting armour, cold-blooded
a: no special abilities


You were on level 3 of the Dungeon.
You visited 1 branch of the dungeon, and saw 3 of its levels.

You collected 147 gold pieces.

Inventory:

Hand Weapons
 a - a +0 spear (weapon)
Jewellery
 i - a ring of magical power
Scrolls
 b - a scroll of summoning {unknown}
 c - a scroll of teleportation {unknown}
 d - 3 scrolls of identify {unknown}
 j - a scroll of enchant weapon {unknown}
 k - a scroll of noise {unknown}
 l - a scroll of holy word {unknown}
Potions
 e - a potion of brilliance {unknown}
 f - 2 potions of heal wounds {unknown}
 g - a potion of curing {unknown}
 h - a potion of might {unknown}
 m - a potion of magic {unknown}


   Skills:
 + Level 4.5 Fighting
 * Level 5.0 Polearms
 - Level 2.6 Dodging
 - Level 1.7 Stealth


You had 4 spell levels left.
You didn't know any spells.
Your spell library was empty.

Dungeon Overview and Level Annotations

Branches:
Dungeon (3/15)

Altars:


Innate Abilities, Weirdness & Mutations

Your plain brown scales are hard. (AC +5)
You cannot fit into any form of body armour.
You are cold-blooded and may be slowed by cold attacks.


Message History

You miss something.
You hear some strange, mumbled words.
Something tries to affect you, but you resist.
You hit something. You tail-slap something. You closely miss something.
An orc wizard appears from thin air!
Reactivating autopickup.
The orc wizard hits you with a +0 dagger.
* * * LOW HITPOINT WARNING * * *
You closely miss the orc wizard.
The orc wizard is severely wounded.
The orc wizard hits you but does no damage.
You barely miss the orc wizard.
The orc wizard is severely wounded.
The orc wizard points at you and mumbles some strange words.
The puff of flame misses you.
The orc wizard points at you and mumbles some strange words.
The magic dart hits you.
* * * LOW HITPOINT WARNING * * *
You see here a rat corpse.
The bat barely misses you. The bat barely misses you. The bat misses you.
The orc wizard gestures at you while chanting.
The puff of flame misses you. The bat misses you. The bat barely misses you.
The bat hits you but does no damage.
The orc wizard mumbles some strange words.
The orc wizard flickers and vanishes!
Deactivating autopickup; reactivate with Ctrl-A.
The bat hits you but does no damage. The bat barely misses you.
The bat completely misses you. The bat hits you but does no damage.
The bat closely misses you. The bat hits you.
* * * LOW HITPOINT WARNING * * *
The bat barely misses you.
A puff of flame appears from out of thin air!
The puff of flame hits you!
You die...

#o#.# ... #.#####<##
#.#.####.####[# ###
###)#...........#
..#.#.####....####
#.#.#.#####......#
....†............#
....##...........#
....##...J.o{....###
...###..........@..#
...# #......{♣.♣.#.#
...# ######♣...b.♣.#
...# #........# ...#
♣..♣.♣..♣# ####
#.......# ♣..♣.♣..♣
#.......# #♣.....♣#


You could see an orc, an endoplasm and a bat.

Vanquished Creatures
  An orc priest (D:3)
  Jessica (D:2)
  2 adders
  3 dart slugs
  6 orcs
  6 endoplasms
  2 giant cockroaches (D:1)
  4 goblins
  6 hobgoblins
  3 quokkas
  3 ball pythons (D:1)
  10 bats
  4 frilled lizards
  5 kobolds
  5 rats
61 creatures vanquished.

Notes
Turn   | Place    | Note
-------+----------+-------------------------------------------
     0 | D:1      | mordus the Draconian Monk began the quest for the Orb.
     0 | D:1      | Reached XP level 1. HP: 19/19 MP: 1/1
   127 | D:1      | Reached XP level 2. HP: 23/26 MP: 2/2
   243 | D:1      | Found a faded altar of an unknown god.
  1060 | D:1      | Reached skill level 4 in Polearms
  1060 | D:1      | Reached XP level 3. HP: 26/33 MP: 3/3
  1375 | D:2      | Noticed Jessica
  1383 | D:2      | Killed Jessica
  1384 | D:2      | Reached XP level 4. HP: 40/40 MP: 4/4
  2433 | D:3      | Reached skill level 5 in Polearms
  2433 | D:3      | Reached XP level 5. HP: 27/47 MP: 5/5
  2661 | D:3      | Killed from afar by an orc wizard

Illustrated notes

Levels and vault maps discovered:
D:1:      lightli_arrival_maybe_door_vault, layout_basic,
          shapermc_ecumenical_altar_mp_urbaneastern, kennysheep_boxes
D:2:      layout_basic, chequers_serial_rivers_small_3, grunt_ministairs_2,
          uniq_jessica
D:3:      layout_basic, nicolae_overflow_crystal_walls, xom_butterflies,
          serial_forest, infiniplex_forest_straight_4,
          infiniplex_forest_lined_2, infiniplex_forest_fountain,
          infiniplex_forest_lined_4_way, infiniplex_forest_straight_3,
          infiniplex_forest_lined_ring, infiniplex_forest_clump_double,
          serial_shops, shop_coins

Skill      XL: |  1  2  3  4 |
---------------+-------------+-----
Polearms       | 4 5 |  5.0
Fighting       | 4 |  4.5
Dodging        | |  2.6
Stealth        | |  1.7

Action                   |  1- 3 |  4- 6 || total
-------------------------+-------+-------++-------
Melee: Spear             |   131 |   148 ||   279
       Tailslap          |     7 |    17 ||    24
 Stab: Sleeping          |     3 |     3 ||     6
Armor: Skin              |    21 |    41 ||    62
Dodge: Dodged            |    63 |    60 ||   123

Table legend: (Time is in decaauts)
 A = Elapsed time spent in this place.
 B = Non-inter-level travel time spent in this place.
 C = Inter-level travel time spent in this place.
 D = Time resting spent in this place.
 E = Time spent auto-exploring this place.
 F = Levels seen in this place.
 G = Mean time per level.
                   A        B        C        D        E       F      G
               +--------+--------+--------+--------+--------+-----+--------+
         Total |   2634 |   2591 |     43 |    385 |   1746 |   3 |  878.0 |
       Dungeon |   2634 |   2591 |     43 |    385 |   1746 |   3 |  878.0 |
               +--------+--------+--------+--------+--------+-----+--------+

Top non-repeatable levels by time:
     D:1: 1152 daAuts
     D:2: 910 daAuts
     D:3: 572 daAuts
